Match 42910278
Unlisted

Match 42910278
End
Kettenkrad Recon Vehicle
Construct Infanterie Kompanie
MG 42 Machine Gun Team
Selects Breakthrough Battlegroup
Selects Assault Grenadiers
Grenadier Squad
Construct Luftwaffe Kompanie
Medical Station
Support Elements
GrW 34 Mortar Team
Wirbelwind Flakpanzer
Grenadier Squad
Grenadier Squad
Construct Panzergrenadier Kompanie
Selects Smoke Bombing Run
Selects 2.5-tonne Cargo Truck
2.5-tonne Cargo Truck
MG 42 Bunker
Construct Panzer Kompanie
Selects Mechanized Assault Group
Panzer IV Medium Tank
Pioneer Squad
Selects Blitzkrieg
Mechanized Assault Group
Panzer IV Medium Tank
Jäger Squad
Panzer IV Medium Tank
Pioneer Squad
Rich Pussy
Ozrealix
D3STROY
PenikmatKopi
风音
Hellobaby
Души меня(12 лет)
Челозавр
0
0

Comments sign in to comment!

No comments posted yet!